[Event "TOP 12 FEMININ 2022 - Phase 1"]
[Site "MULHOUSE, France"]
[Date "2022.04.09"]
[Round "3.1"]
[White "AUVRAY 608, Juliette"]
[Black "CRAMLING MON, Pia"]
[Result "0-1"]
[TimeControl "90 min +30 secondes par coup"]
[WhiteElo "1976"]
[BlackElo "2454"]

1. e4 c5 2. Nf3 Nc6 3. d4 cxd4 4.
Nxd4 e6 5. Nc3 a6 6. Be3 Nf6 7. Be2 Qc7 8. O-O d6 9. a4 Be7 10. f4 O-O 11. Nb3 b6 12. Bf3 Rb8 13. Qe2 Na5 14.
Nxa5 bxa5 15. Rab1 Rb4 16. Qd3 Bb7 17. b3 Rc8 18. Bd2 Qc5+ 19. Rf2 Rd4 20. Qe2 Rxd2 21. Qxd2 Qxc3 22. Qxc3 Rxc3 23.
Re2 d5 24. exd5 Nxd5 25. Bxd5 Bxd5 26. Rd1 Bc5+ 27. Kf1 g6 28. h3 Kg7 29. Ke1 Be3 30. g3 Bf3 0-1

[Event "TOP 12 FEMININ 2022 - Phase 1"]
[Site "MULHOUSE, France"]
[Date "2022.04.09"]
[Round "3.2"]
[White "LECONTE  MON, Maria"]
[Black "CORIAT 608, Caroline"]
[Result "1-0"]
[TimeControl "90 min +30 secondes par coup"]
[WhiteElo "2240"]
[BlackElo "1765"]

1. e4 e6 2. d4 d5 3. Bd3 Nf6 4. e5 Nfd7 5. Nf3 Be7 6. c3 c5 7. O-O Nc6 8. a3 g5 9. Be3 g4 10.
Ne1 h5 11. b4 cxd4 12. cxd4 Bg5 13. Nc3 Bxe3 14. fxe3 Qg5 15. Nb5 Qxe3+ 16. Kh1 Ke7 17. Nc2 Qg5 18. Qe2 g3 19. h3 Ndxe5 20. dxe5 Nxe5 21. Ncd4 Bd7 22. Nf5+ exf5 23. Qxe5+ Be6 24. Rxf5 1-0

[Event "TOP 12 FEMININ 2022 - Phase 1"]
[Site "MULHOUSE, France"]
[Date "2022.04.09"]
[Round "3.3"]
[White "BOUTANT 608, Jade"]
[Black "DORNBUSCH MON, Tatiana"]
[Result "0-1"]
[TimeControl "90 min +30 secondes par coup"]
[WhiteElo "1700"]
[BlackElo "2245"]

1. d4 Nf6 2. Bf4 g6 3. e3 Bg7 4. Nd2 d6 5. h3 O-O 6. Ngf3 c5 7. c3 Nc6 8. Be2 cxd4 9. exd4 Be6 10.
O-O Qb6 11. Nb3 a5 12. Ng5 a4 13. Nxe6 fxe6 14. Nd2 Qxb2 15. Rc1 Nd5 16. Rc2 Nxc3 17. Rxb2 Nxd1 18. Bxd1 Rxf4 19. Rxb7 Rxd4 20.
Nf3 Rb4 21. Rc7 Rb6 22. Ng5 Nd4 23. Bg4 e5 24. Ne6 Bf6 25. Nxd4 exd4 26. Be6+ Kg7 27. Bc4 Ra5 28. Bd3 Rb2 29.
Rc2 a3 30. f4 Rc5 31. Rff2 Rb1+ 32. Kh2 Rd1 33. Rfd2 Rxc2 34. Rxd1 Rxa2 35. f5 Rb2 36. fxg6 hxg6 37. Kg3 a2 38.
Kf3 Rd2 39. Kf4 0-1

[Event "TOP 12 FEMININ 2022 - Phase 1"]
[Site "MULHOUSE, France"]
[Date "2022.04.09"]
[Round "3.4"]
[White "BEREZOVSKA MON, Svetlana"]
[Black "PAROT DE SOUSA  608, Sophie"]
[Result "1-0"]
[TimeControl "90 min +30 secondes par coup"]
[WhiteElo "1774"]
[BlackElo "1416"]

1. e4 c5 2. Nf3 Nc6 3. d4 cxd4 4. Nxd4 g6 5. c4 Bg7 6. Be3 Nf6 7. Nc3 O-O 8. Be2 d6 9. O-O Bd7 10.
Rc1 Rc8 11. h3 Qa5 12. Nb3 Qd8 13. f4 Na5 14. Nd2 b6 15. b4 Nb7 16. Bf3 Ne8 17. Qe2 Bc6 18. Nb3 Rb8 19. Rfd1 Qc7 20.
Nd4 Nd8 21. a3 a6 22. Nxc6 Nxc6 23. Nd5 Qd8 24. e5 h5 25. Qf2 dxe5 26. Nf6+ Nxf6 27. Rxd8 Rbxd8 28. Bxc6 exf4 29. Bxf4 Ne4 30.
Bxe4 f5 31. Bd5+ Kh7 32. Qxb6 Bb2 33. Re1 1-0

[Event "TOP 12 FEMININ 2022 - Phase 1"]
[Site "MULHOUSE, France"]
[Date "2022.04.09"]
[Round "3.5"]
[White "WOLHERS-ARMAS  LES, Rike"]
[Black "VEGA GUTTIERREZ  MUL, Sabrina"]
[Result "1/2-1/2"]
[TimeControl "90 min +30 secondes par coup"]
[WhiteElo "1972"]
[BlackElo "2385"]

1. d4 d5 2. c4 e6 3. Nc3 c6 4. Nf3 dxc4 5. a4 Bb4 6. e3 b5 7. Bd2 a5 8. axb5 Bxc3 9. Bxc3 cxb5 10.
b3 Bb7 11. bxc4 b4 12. Bb2 Nf6 13. Bd3 O-O 14. O-O Nbd7 15. Nd2 Qc7 16. Bc2 Nb6 17. d5 Nbd7 18. e4 exd5 19. cxd5 Rfc8 20.
Rc1 Qf4 21. g3 Qd6 22. f3 Qb6+ 23. Kg2 Ba6 24. Re1 Bb5 25. Ra1 Qc7 26. Rc1 Qd8 27. Ra1 Nb6 28. Bd4 Nfd7 29. Qb1 Nc4 30.
Nxc4 Rxc4 31. Qb2 Rb8 32. Bb3 Rcc8 33. Bxg7 f6 34. Bh6 Nc5 35. Be3 Nxb3 36. Qxb3 Rc3 37. Qa2 b3 38. Qxa5 Qxa5 39.
Rxa5 b2 40. Bd4 Rc1 41. Bxb2 Rxe1 42. Bxf6 Bd7 43. g4 Rf8 44. g5 Kf7 1/2-1/2

[Event "TOP 12 FEMININ 2022 - Phase 1"]
[Site "MULHOUSE, France"]
[Date "2022.04.09"]
[Round "3.6"]
[White "NAVROTESCU  MUL, Andreea"]
[Black "ARMAS LES, Lara-Maria"]
[Result "1-0"]
[TimeControl "90 min +30 secondes par coup"]
[WhiteElo "2275"]
[BlackElo "1901"]

1. c4 e5 2. Nc3 g6 3. d4 Nc6 4. d5 Nce7 5. e4 d6 6. h4 h6 7. Be3 Bg7 8. f3 f5 9. Qd2 Nf6 10.
Nge2 Bd7 11. g3 a6 12. Nc1 fxe4 13. fxe4 Ng4 14. Bh3 Nxe3 15. Bxd7+ Qxd7 16. Qxe3 O-O 17. Nd3 Rf7 18. O-O-O Raf8 19.
Qe2 Rf3 20. Rhf1 Qg4 21. Rxf3 Qxf3 22. Rg1 h5 23. Qxf3 Rxf3 24. Kc2 Bh6 25. Nd1 Kh7 26. Ne1 Rf8 27. Kd3 Ng8 28. Rg2 Nf6 29.
Rf2 Kg7 30. b4 c6 31. a4 cxd5 32. cxd5 Rc8 33. Rc2 Rxc2 34. Nxc2 Kf7 35. Na3 Ke7 36. Nc4 Kd7 37. Nc3 Ng4 38.
Ke2 Bf8 39. b5 axb5 40. Nxb5 Be7 41. Nb6+ Kd8 42. Na8 Kd7 43. Nac7 Bd8 44. Ne6 Be7 45. Na3 Nf6 46. Kd3 Nh7 47.
Nc4 Nf8 48. Nb6+ Ke8 49. Kc4 Nxe6 50. dxe6 g5 51. hxg5 Bxg5 52. Kd5 Be3 53. Nc4 Bf2 54. Nxd6+ Kd8 1-0

[Event "TOP 12 FEMININ 2022 - Phase 1"]
[Site "MULHOUSE, France"]
[Date "2022.04.09"]
[Round "3.7"]
[White "LE BAIL  LES, Clara"]
[Black "HAUSSERNOT  MUL, Cecile"]
[Result "0-1"]
[TimeControl "90 min +30 secondes par coup"]
[WhiteElo "1960"]
[BlackElo "2108"]

1. e4 c5 2. c3 Nf6 3. e5 Nd5 4. d4 cxd4 5. Qxd4 e6 6. Nf3 Nc6 7. Qe4 f5 8. Qe2 Be7 9. g3 O-O 10. Bg2 Rb8 11. O-O b5 12.
a4 b4 13. c4 Ba6 14. Re1 b3 15. Na3 Bxa3 16. Rxa3
Na5 17. Nd4 Bxc4 18. Qd1 Qb6 19. Bf1 Bxf1 20. Kxf1 f4 21. Re4 Qb7 22. Qd3 Nb4 23. Qe2 Nc4 24. Rxb3 Ne3+ 25.
Rbxe3 fxe3 26. Qxe3 Rbc8 27. Bd2 Nc2 28. Nxc2 Rxc2 29. Ke2 Qa6+ 30. Kd1 Rxb2 31. Qe2 Qb6 32. Re3 Rb1+ 33. Kc2 Qb2+ 34.
Kd3 Qb3+ 35. Bc3 Rd1+ 0-1

[Event "TOP 12 FEMININ 2022 - Phase 1"]
[Site "MULHOUSE, France"]
[Date "2022.04.09"]
[Round "3.8"]
[White "RICHARD  MUL, Emma"]
[Black "BISMUTH LES, Lea"]
[Result "1-0"]
[TimeControl "90 min +30 secondes par coup"]
[WhiteElo "2144"]
[BlackElo "1957"]

1. e4 e5 2. Nf3 Nc6 3. Bb5 f5 4. d3 fxe4 5. dxe4 Nf6 6. Bc4 Bb4+ 7. c3 Bc5 8. O-O d6 9. Ng5 Qe7 10.
Bf7+ Kf8 11. Bd5 Nd8 12. Be3 c6 13. Bb3 h6 14. Bxc5 dxc5 15. Nf3 Bg4 16. Qd3 Ne6 17. Bxe6 Qxe6 18.
Nbd2 Ke7 19. h3 Bh5 20. Nh4 Rad8 21. Qe3 b6 22. Ndf3 Rd7 23. Nf5+ Kf7 24. Rfd1 Rhd8 25. Rxd7+ Rxd7 26.
g4 Bg6 27. Re1 Kf8 28. a4 c4 29. N3h4 Bh7 30. f3 Rd3 31. Qe2 Nd7 32. a5 Nc5 33. axb6 axb6 34. Ne3 b5 35. Ra1 Qd7 36.
Nf1 Kf7 37. Qf2 Qe7 38. Ng2 g5 39. h4 Ke6 40. hxg5 hxg5 41. Ne1 Rd7 42. Qh2 Qf6 43. Ne3 Bg6 44. Nf5 Nd3 45. Nxd3 cxd3 46. Qf2 Bxf5 47. exf5+ Kf7 48.
Qe3 Kg7 49. Rd1 Kh6 1-0

[Event "TOP 12 FEMININ 2022 - Phase 1"]
[Site "MULHOUSE, France"]
[Date "2022.04.09"]
[Round "3.9"]
[White "BATSIASHVILI JUV, Nino"]
[Black "SAVINA VAN, Anastasia"]
[Result "1-0"]
[TimeControl "90 min +30 secondes par coup"]
[WhiteElo "2463"]
[BlackElo "2345"]

1. d4 Nf6 2. c4 g6 3. Nc3 Bg7 4. e4 d6 5. h3 O-O 6. Be3 c5 7. Nf3 Na6 8. Be2 b6 9. O-O cxd4 10.
Nxd4 Bb7 11. Bf3 Rc8 12. b3 Nc5 13. Qc2 a6 14. b4 e5 15. bxc5 exd4 16. Bxd4 bxc5 17. Be3 Nd7 18. Rab1 Ba8 19.
Rfd1 Ne5 20. Be2 Nc6 21. Bg4 f5 22. exf5 Nd4 23. Bxd4 cxd4 24. f6 Qxf6 25. Bxc8 Rxc8 26. Ne2 Qg5 27.
Ng3 h5 28. h4 Qf6 29. Qd3 Rf8 30. Rd2 Bh6 31. Re2 Bf4 32. Rbe1 Be5 33. c5 dxc5 34. Qc4+ Kh8 35. Qxc5 Bd6 36.
Qg5 Qxg5 37. hxg5 d3 38. Re8 d2 39. Rxf8+ Bxf8 40. Rd1 Bb4 41. Nf1 Bd5 42. Nxd2 Bxa2 43. Nf3 a5 44. Ne5 Bc3 45.
Nxg6+ Kg7 46. Rd3 Bb4 47. Nf4 h4 48. Rd7+ Kf8 49. Nd5 Bc5 50. g6 Bd4 51. Rf7+ Ke8 52. Nf6+ 1-0

[Event "TOP 12 FEMININ 2022 - Phase 1"]
[Site "MULHOUSE, France"]
[Date "2022.04.09"]
[Round "3.10"]
[White "FORTUIT  JUV, Emilie"]
[Black "BEREND VAN, Elvira"]
[Result "0-1"]
[TimeControl "90 min +30 secondes par coup"]
[WhiteElo "1954"]
[BlackElo "2323"]

1. d4 Nf6 2. Nf3 g6 3. Bg5 Bg7 4. Nbd2 d5 5. e3 c6 6. Bd3 Nbd7 7. h3 O-O 8. Bf4 c5 9. c3 b6 10.
O-O Bb7 11. Bh2 Re8 12. Ne5 Rc8 13. f4 Ne4 14. f5 Nxe5 15. dxe5 Bh6 16. Bf4 Bxf4 17. Rxf4 g5 18. Rf1 Qc7 19.
e6 f6 20. Bxe4 dxe4 21. Qg4 Kh8 22. Rad1 Ba6 23. Rfe1 Qe5 24. Qxe4 Qxe4 25. Nxe4 Red8 26. Nf2 Kg7 27. e4 Bb5 28.
g3 h5 29. Kg2 Bc6 30. Kf3 Kh6 31. Ke3 Kg7 32. Rxd8 Rxd8 33. Rd1 Rxd1 34. Nxd1 Kf8 35. Nf2 Kg7 36. b4 cxb4 37. cxb4 a5 38.
bxa5 bxa5 39. h4 Bb5 40. a3 Ba4 41. Kd4 Bc2 42. Kc5 Kf8 43. Kb6 a4 44. Kc5 Ke8 45. Kd4 Kf8 46. Nh3 Kg7 47.
hxg5 fxg5 48. Nxg5 Kf6 49. Nf7 Bb1 50. Ke3 Bc2 51. Kf4 Bb3 52. e5+ Kg7 53. Kg5 Bd1 54. Nh6 Kf8 55. Nf7 Kg7 56.
f6+ Kf8 57. Nh8 Bc2 58. Ng6+ Bxg6 59. Kxg6 h4 60. gxh4 Ke8 61. Kg7 0-1

[Event "TOP 12 FEMININ 2022 - Phase 1"]
[Site "MULHOUSE, France"]
[Date "2022.04.09"]
[Round "3.11"]
[White "SALVADOR JUV, Lucie"]
[Black "STEIL-ANTONI  VAN, Fiona"]
[Result "1-0"]
[TimeControl "90 min +30 secondes par coup"]
[WhiteElo "1979"]
[BlackElo "2189"]

1. Nf3 d6 2. d4 f5 3. c4 Nf6 4.
Nc3 e6 5. h3 Be7 6. e3 O-O 7. Bd3 Nc6 8. a3 e5 9. Bc2 Qe8 10. Nd5 Bd8 11. O-O Qh5 12. b4 g5 13. dxe5 dxe5 14.
Bb2 e4 15. Ne5 Qe8 16. Nxc6 bxc6 17. Nxf6+ Bxf6 18. Bxf6 Rxf6 19. c5 Be6 20. Qd4 Rh6 21. f3 Rd8 22. Qc3 Bd5 23. Bb3 Qe6 24.
Rad1 g4 25. fxe4 fxe4 26. hxg4 Qxg4 27. Bxd5+ cxd5 28. Qe5 Qh4 29. Rf4 Qh2+ 30. Kf2 Rg6 31. Rg1 Qg3+ 32. Ke2 Rg7 33. Qf6 Qg5 34.
Qe6+ Kh8 35. g4 d4 36. Rxe4 d3+ 37.
Kd2 Qh4 38. Rg2 Rf8 39. Kxd3 Qe1 40. Qa2 Rd8+ 41. Rd4 Re8 42. Qe2 Qc1 43. a4 Rge7 44. e4 Qa3+ 45. Kd2 Qxa4 46. Rf2 Qa2+ 47.
Ke3 Qb1 48. Qf3 Qb3+ 49. Ke2 Qc2+ 50. Ke3 Qb3+ 51. Kd2 Qb2+ 52. Ke3 Qc3+ 53. Rd3 Qxb4 54. Qf6+ Kg8 55. Rf4 Rxe4+ 56. Rxe4 Qxe4+ 57. Kd2 Qe1+ 58. Kc2 Re2+ 59. Kb3 Qb1+ 60. Kc4 Re4+ 61. Rd4 Qc2+ 62. Kd5 Rxd4+ 63. Qxd4 Qg2+ 64. Ke6 Qc6+ 65. Ke7 Qf3 66.
Kd7 Qf7+ 67. Kc6 a5 68. Kb5 Qe8+ 69. c6 Kf7 70. Qf4+ Kg6 71. Qxc7 Qe2+ 72. Kxa5 Qxg4 73. Qd6+ Kh5 74.
Qe5 Kg6 75. Qe8+ Kh6 76. Qf8+ Kh5 77. Qf7 Kh6 78. c7 Qg5+ 79. Ka6 Qc5 80. Qe6 1-0

[Event "TOP 12 FEMININ 2022 - Phase 1"]
[Site "MULHOUSE, France"]
[Date "2022.04.09"]
[Round "3.12"]
[White "THOMAS  VAN, Anysia"]
[Black "IONUTIU JUV, Adela"]
[Result "1-0"]
[TimeControl "90 min +30 secondes par coup"]
[WhiteElo "2128"]
[BlackElo "1949"]

1. d4 Nf6 2. c4 g6 3. Nc3 Bg7 4. e4 d6 5. h3 O-O 6. Nf3 e5 7. d5 Nh5 8. g3 Na6 9. Be3 f5 10.
exf5 gxf5 11. Ng5 Qe8 12. Be2 Nf6 13. Qd2 Bd7 14. O-O-O Nc5 15. g4 h6 16. Ne6 Nxe6 17. dxe6 Bc6 18. gxf5 Kh7 19. Rhg1 Qe7 20. Nd5 Nxd5 21.
cxd5 Be8 22. Bd3 Qf6 23. Be4 Bh5 24. f3 Rg8 25. Rg2 c6 26. Rdg1 cxd5 27. Qxd5 Rac8+ 28. Kb1 Kh8 29. a3 Rc6 30.
Qd2 Bxf3 31. Bxf3 Qxf5+ 32. Ka1 Qxf3 33. Bxh6 Rc7 34. Bxg7+ 1-0

[Event "TOP 12 FEMININ 2022 - Phase 1"]
[Site "MULHOUSE, France"]
[Date "2022.04.09"]
[Round "3.13"]
[White "GUICHARD  ASN, Pauline"]
[Black "LE MAREC  DOM, Laura"]
[Result "1-0"]
[TimeControl "90 min +30 secondes par coup"]
[WhiteElo "2371"]
[BlackElo "1770"]

1. d4 c5 2. d5 e5 3. e4 d6 4. c4 g6 5. Nf3 Bg7 6. Nc3 Ne7 7. h3 f5 8. Bd3 O-O 9. Qe2 Nd7 10.
g4 fxe4 11. Nxe4 Nf6 12. Bd2 Nxg4 13. hxg4 Bxg4 14. Neg5 h6 15. Qe4 Bf5 16. Qe3 hxg5 17. Nxg5 e4 18. Bxe4 Re8 19. Bc3 Bxe4 20.
Qh3 Nf5 21. Qh8+ 1-0

[Event "TOP 12 FEMININ 2022 - Phase 1"]
[Site "MULHOUSE, France"]
[Date "2022.04.09"]
[Round "3.14"]
[White "TERRAZZONI  DOM, Claire"]
[Black "MOINGT  ASN, Anne"]
[Result "0-1"]
[TimeControl "90 min +30 secondes par coup"]
[WhiteElo "1794"]
[BlackElo "2036"]

1. e4 c5 2. Nf3 d6 3. d4 cxd4 4. Nxd4 Nf6 5. Nc3 e6 6. Be2 Be7 7. Be3 Nc6 8. h3 a6 9. Qd2 O-O 10.
O-O-O Qc7 11. g4 b5 12. Bd3 Bb7 13. g5 Nd7 14. Nxc6 Bxc6 15. Ne2 Nc5 16. Ng3 Nxd3+ 17. Qxd3 d5 18.
Rhg1 Rfd8 19. e5 Qxe5 20. f4 Qc7 21. f5 d4 22. Bd2 Bd6 23. g6 fxg6 24. fxg6 h6 25. Rdf1 Rf8 26. Ne4 Bh2 27.
Rh1 Bf4 28. Bxf4 Rxf4 29. Re1 Qe5 30. Nd2 Qf6 31. Rhg1 Rd8 32. Qe2 Bd5 33. a3 Rc8 34. Qd3 e5 35. Re2 Re8 36. Rge1 Re6 37.
Qg3 e4 38. Nb3 d3 39. Re3 Bxb3 40. cxb3 Rc6+ 41. Kb1 Rc2 0-1

[Event "TOP 12 FEMININ 2022 - Phase 1"]
[Site "MULHOUSE, France"]
[Date "2022.04.09"]
[Round "3.15"]
[White "MULLER ASN, Veronique"]
[Black "LANGER  DOM, Karele"]
[Result "1/2-1/2"]
[TimeControl "90 min +30 secondes par coup"]
[WhiteElo "1990"]
[BlackElo "1476"]

1. e4 c5 2. Nf3 e6 3. c3 Nf6 4. Bd3 Nc6 5. Bc2 Be7 6. O-O O-O 7. a3 b6 8. d4 cxd4 9. cxd4 d6 10.
Nc3 Bb7 11. Re1 Rc8 12. h3 Re8 13. Qe2 Na5 14. Ba4 Bc6 15. Bc2 Bb7 16. e5 dxe5 17. dxe5 Nd5 18. Qd3 g6 19. Ne4 Qc7 20.
Ba4 Red8 21. Qe2 Qc4 22. Bb5 Qxe2 23. Bxe2 Nb3 24. Rb1 Nxc1 25. Rbxc1 Rxc1 26. Rxc1 Nf4 27. Ng3 Nxe2+ 28. Nxe2 Ba6 29.
Ng3 Rd7 30. Ne4 Kg7 31. Kh2 Bb7 32. Ng3 Bc5 33. Rc2 a5 34. Ng5 Rd4 35. Nf3 Rd7 36. Ng5 Rd4 37. Nf3 Bxf3 38. gxf3 Rd5 39.
f4 g5 40. fxg5 Rxe5 41. f4 Rd5 42. Kg2 Be3 43. Kf3 Rd2 44. Rxd2 Bxd2 45. a4 Kg6 46. Ne4 Bc1 47. b3 e5 48.
fxe5 Kf5 1/2-1/2

[Event "TOP 12 FEMININ 2022 - Phase 1"]
[Site "MULHOUSE, France"]
[Date "2022.04.09"]
[Round "3.16"]
[White "GIROD  DOM, Sarah"]
[Black "STRASSER ASN, Arevik"]
[Result "0-1"]
[TimeControl "90 min +30 secondes par coup"]
[WhiteElo "1507"]
[BlackElo "1543"]

1. e4 e5 2. Nf3 Nc6 3. d4 exd4 4. Bc4 Nf6 5. e5 d5 6. Bb5 Ne4 7. Nxd4 Bd7 8. f3 Qh4+ 9. g3 Nxg3 10.
hxg3 Qxh1+ 11. Bf1 Nxd4 12. Qxd4 Qxf3 13. Bf4 Qe4+ 14. Qxe4 dxe4 15. Nd2 Bf5 16. Bb5+ c6 17. Bc4 Bc5 18.
O-O-O Bf2 19. Nf1 O-O 20. Rd2 Bb6 21. Re2 Rad8 22. Nd2 Rd7 23. Nxe4 Bxe4 24. Rxe4 Rd4 25. Rxd4 Bxd4 26. c3 Bf2 27.
Kd2 Re8 28. Ke2 Bb6 29. Kf3 h6 30. g4 Kf8 31. Ke4 Bc7 32. Kf5 g6+ 33. Ke4 g5 34. Bg3 f6 35. Bf2 Bxe5 36. Kd3 Rd8+ 37. Kc2 b6 38. Be6 Bf4 39. Bg1 Kg7 40.
Bf5 Rd5 41. Be4 Rd2+ 42. Kb3 c5 43. Ka3 Rd1 44. Bf2 Rf1 45. Bxc5 bxc5 46. b3 Re1 47. Bf5 Re5 48. Ka4 Rxf5 49.
gxf5 h5 50. Kb5 h4 51. Kxc5 h3 0-1

[Event "TOP 12 FEMININ 2022 - Phase 1"]
[Site "MULHOUSE, France"]
[Date "2022.04.09"]
[Round "3.17"]
[White "BULMAGA CAN, Irina"]
[Black "KOVACS  STR, Klara"]
[Result "1-0"]
[TimeControl "90 min +30 secondes par coup"]
[WhiteElo "2379"]
[BlackElo "2117"]

1. e4 e6 2. d4 d5 3. Nc3 Nf6 4. Bg5 Be7 5. e5 Nfd7 6. Bxe7 Qxe7 7. f4 O-O 8. Nf3 c5 9. Qd2 Nc6 10.
dxc5 Nxc5 11. Qe3 a6 12. a3 b5 13. b4 Nd7 14. Bd3 Rd8 15. Ne2 Bb7 16. O-O Nf8 17. Ned4 Rac8 18. f5 exf5 19.
Nxf5 Qe8 20. Qg5 Ne6 21. Qh4 Qf8 22. Ne7+ 1-0

[Event "TOP 12 FEMININ 2022 - Phase 1"]
[Site "MULHOUSE, France"]
[Date "2022.04.09"]
[Round "3.18"]
[White "ROOS  STR, Louise"]
[Black "BENSDORP-DE LABACA CAN, Marlies"]
[Result "0-1"]
[TimeControl "90 min +30 secondes par coup"]
[WhiteElo "1803"]
[BlackElo "2234"]

1. e4 d5 2. exd5 Qxd5 3. Nc3 Qa5 4. Bc4 Nf6 5. d3 c5 6. h3 e6 7. Bd2 Qd8 8. Nf3 Nc6 9. O-O Be7 10.
Re1 O-O 11. Ne4 a6 12. a4 b6 13. Qe2 h6 14. Ng3 Bb7 15. Bxe6 fxe6 16. Qxe6+ Rf7 17. Nf5 Bf8 18. N3h4 Qd5 19.
Ng6 Qxe6 20. Rxe6 Nd5 21. Ng3 Nd4 22.
Nxf8 Raxf8 23. Rg6 Kh7 24. Rd6 Nxc2 25. Rf1 Nd4 0-1

[Event "TOP 12 FEMININ 2022 - Phase 1"]
[Site "MULHOUSE, France"]
[Date "2022.04.09"]
[Round "3.19"]
[White "SABIANI  CAN, Chjara"]
[Black "KOCH STR, Marion"]
[Result "1/2-1/2"]
[TimeControl "90 min +30 secondes par coup"]
[WhiteElo "1793"]
[BlackElo "1695"]

1. d4 d5 2. c4 e6 3. Nc3 Nf6 4. cxd5 exd5 5. Bg5 Be7 6. e3 c6 7. Bd3 Nbd7 8. Qc2 a5 9. Nf3 O-O 10. O-O Re8 11. Rab1 Nf8 12. h3 Ng6 13.
a3 Bd6 14. b4 axb4 15. axb4 h6 16. Bxf6 Qxf6 17. b5 Bxh3 18. Bxg6 fxg6 19. gxh3 Qxf3 20. Qxg6 Qxh3 21. Qxd6 Re6 22.
Qg3 Qh5 23. bxc6 Rg6 24. cxb7 Rxg3+ 25. fxg3 Rb8 26. Kg2 Qg5 27. Rf3 Qg6 28. Rb2 Qc6 29. Ne2 Rxb7 30. Rxb7 Qxb7 31. Nf4 Qb2+ 32.
Kh3 Qb5 33. Ng6 Kh7 34. Nf8+ 1/2-1/2

[Event "TOP 12 FEMININ 2022 - Phase 1"]
[Site "MULHOUSE, France"]
[Date "2022.04.09"]
[Round "3.20"]
[White "SCHMITT  STR, Eleonre"]
[Black "SOREDA  CAN, Elisa"]
[Result "1-0"]
[TimeControl "90 min +30 secondes par coup"]
[WhiteElo "1463"]
[BlackElo "1655"]

1. e4 d5 2. exd5 Qxd5 3. Nc3 Qd6 4. Nf3 Nf6 5. Bc4 c6 6. d3 Bg4 7. h3 Bh5 8. g4 Bg6 9. Nh4 e6 10.
Nxg6 hxg6 11. Qe2 Nbd7 12. g5 Nd5 13. Bd2 O-O-O 14. O-O-O Be7 15. h4 Rh5 16. Ne4 Qc7 17. Bb3 Rdh8 18.
Qf3 Ne5 19. Qg3 Bb4 20. c3 Bf8 21. Bxd5 cxd5 22. Bf4 dxe4 23. Bxe5 Qa5 24. Kb1 Qd5 25. Ka1 exd3 26. Bb8 Qc6 27.
Bxa7 Bd6 28. Qxd3 Rxh4 29. Rxh4 Rxh4 30. b4 Be7 31. Qg3 Qc7 1-0

[Event "TOP 12 FEMININ 2022 - Phase 1"]
[Site "MULHOUSE, France"]
[Date "2022.04.09"]
[Round "3.22"]
[White "KASHLINSKAYA  CLI, Alina"]
[Black "JAVAKHISHVILI  BIS, Lela"]
[Result "1-0"]
[TimeControl "90 min +30 secondes par coup"]
[WhiteElo "2490"]
[BlackElo "2482"]

1. d4 Nf6 2. c4 e6 3. Nc3 Bb4 4. Qc2 d6 5. e3 O-O 6. Bd3 e5 7. Nge2 Re8 8. O-O c6 9. a3 Bxc3 10.
Nxc3 Qe7 11. f3 Nbd7 12. Bd2 Nf8 13. Rae1 Be6 14. Ne2 Qc7 15. Ng3 Rad8 16. Bc3 Ng6 17. b3 Bc8 18. Qb2 Nd7 19. Bb1 Ndf8 20. dxe5 dxe5 21.
c5 b6 22. Ne4 bxc5 23. Nxc5 Nd7 24. Nxd7 Rxd7 25. b4 Ba6 26. Rf2 Bd3 27. Ba2 a5 28. bxa5 Rb8 29. Qa1 c5 30. f4 Re8 31.
f5 Nf8 32. f6 c4 33. fxg7 Kxg7 34. Qd1 Rd6 35. Qf3 f6 36. Rd1 Nd7 37. Bb4 c3 38. Bb1 Nc5 39. Bxc5 Qxc5 40. Rxd3 Rb8 41.
Qd1 Ra6 1-0

[Event "TOP 12 FEMININ 2022 - Phase 1"]
[Site "MULHOUSE, France"]
[Date "2022.04.09"]
[Round "3.23"]
[White "MAISURADZE  BIS, Nino"]
[Black "BENMESBAH CLI, Natacha"]
[Result "1/2-1/2"]
[TimeControl "90 min +30 secondes par coup"]
[WhiteElo "2202"]
[BlackElo "2244"]

1. d4 d6 2. e4 Nf6 3. Nc3 e5 4. Nge2 Be7 5. g3 h5 6. h3 c6 7. a4 Be6 8. Bg2 Qc8 9. Be3 Na6 10.
Qd2 Nc7 11. a5 g6 12. f4 exf4 13. Nxf4 Bc4 14. Nd3 Be6 15. Nf4 Bc4 16. Rd1 O-O 17. b3 Ba6 18. Nd3 d5 19. e5 Nfe8 20.
O-O Ng7 21. Bh6 Nce6 22. Ne2 Qd8 23. h4 Kh7 24. Bh3 Bxd3 25. cxd3 b6 26. a6 c5 27. Bxe6 fxe6 28. Bxg7 Kxg7 29.
Rxf8 Bxf8 30. dxc5 bxc5 31. d4 cxd4 32. Nf4 Qe8 33. Qxd4 Kh7 34. Rc1 Qf7 35. Rc6 Re8 36. Qd3 Bg7 37. Qc3 Re7 38. b4 Qf5 39. Rc7 Rxc7 40.
Qxc7 Qb1+ 41. Kh2 Qb2+ 42. Kh3 Qb1 43. Kh2 Qb2+ 44. Kh3 Qb1 1/2-1/2

[Event "TOP 12 FEMININ 2022 - Phase 1"]
[Site "MULHOUSE, France"]
[Date "2022.04.09"]
[Round "3.24"]
[White "AFRAOUI CLI, Anaelle"]
[Black "BELLAHCENE BIS, Sofia"]
[Result "1-0"]
[TimeControl "90 min +30 secondes par coup"]
[WhiteElo "2108"]
[BlackElo "1840"]

1. e4 c5 2. Nf3 e6 3. d4 cxd4 4. Nxd4 Nf6 5. Nc3 Nc6 6. Ndb5 Bc5 7. Bf4 O-O 8. Be2 a6 9. Bd6 Qb6 10.
Bxc5 Qxc5 11. Nd6 b5 12. O-O Nd4 13. Nxc8 Raxc8 14. Bd3 e5 15. Nd5 Nxe4 16. Bxe4 f5 17. c3 fxe4 18. Ne3 Nf5 19.
Nxf5 Rxf5 20. Qxd7 Rcf8 21. Qd2 Qc4 22. Qe3 Qd3 23. Rae1 Rd8 24. Qc1 Rdf8 25. Re3 Qc4 26. b3 Qf7 27.
Qe1 Rg5 28. g3 Qh5 29. Rxe4 Rf6 30. Qd1 Qxd1 31. Rxd1 Rf3 32. c4 bxc4 33. Rxc4 Rgf5 34. Rd8+ Kf7 35. Rc7+ Kg6 36. Rd6+ Rf6 37. Rdd7 Kf5 38. Rxg7 Ke4 39. Rc4+ Kd5 40. Rd7+ Ke6 41. Rd2 Kf5 42. Re2 h5 43. Ree4 Re6 44. Kg2 Rc3 45. f4 exf4 46. Rxf4+ 1-0